 Dungeon Crawl Stone Soup version 0.32-a0-136-gc02482bde3 (webtiles) character file.

Game seed: 17829328055723702452

1380 dialectric the Ducker (level 8, 0/78 HPs)
             Began as a Troll Hunter on Feb 10, 2024.
             Killed from afar by a white imp (9 damage)
             ... with a puff of frost
             ... on level 7 of the Dungeon.
             The game lasted 00:10:01 (4805 turns).

dialectric the Ducker (Troll Hunter)                Turns: 4805, Time: 00:10:03

Health: 0/78       AC:  5    Str: 22    XL:     8   Next: 39%
Magic:  7/7        EV: 11    Int:  5    God:
Gold:   276        SH:  4    Dex: 13    Spells: 7/7 levels left

rFire   . . .        e - +0 morningstar
rCold   . . .        (no shield)
rNeg    + . .        c - +0 robe
rPois   +            (helmet restricted)
rElec   .            p - +0 cloak
rCorr   .            (gloves unavailable)
SInv    +            (boots unavailable)
Will    .....        (no amulet)
Stlth   ++           h - ring of positive energy
HPRegen 1.13/turn    r - ring of see invisible
MPRegen 0.10/turn

%: no passive effects
@: no status effects
A: large, unfitting armour, claws 3, regeneration 1, shaggy fur 1, tough skin 1,
large bone plates 1, poison resistance
a: no special abilities


You were on level 7 of the Dungeon.
You visited 1 branch of the dungeon, and saw 7 of its levels.

You collected 276 gold pieces.

Inventory:

Hand Weapons
 a - a +0 shortbow
 e - a +0 morningstar (weapon)
 z - a +3 quarterstaff of chaos
Missiles
 f - 7 boomerangs (quivered)
 q - 16 poisoned darts
Armour
 c - a +0 robe (worn)
 o - an orb of light
 p - a +0 cloak (worn)
Jewellery
 h - a ring of positive energy (left claw)
 r - a ring of see invisible (right claw)
Scrolls
 b - a scroll of butterflies
 d - 2 scrolls of enchant armour {unknown}
 g - a scroll of brand weapon {unknown}
 j - a scroll of amnesia {unknown}
 k - a scroll of vulnerability {unknown}
 m - 4 scrolls of teleportation
 v - 2 scrolls of immolation {unknown}
 w - a scroll of revelation {unknown}
 y - a scroll of fog {unknown}
Potions
 i - a potion of curing {unknown}
 l - a potion of mutation
 n - a potion of lignification
 s - a potion of berserk rage
 t - a potion of cancellation
 u - 2 potions of brilliance
 x - a potion of heal wounds
 A - a potion of enlightenment {unknown}


   Skills:
 + Level 4.2 Fighting
 + Level 5.1 Ranged Weapons
 + Level 0.8 Armour
 + Level 5.4 Dodging
 - Level 1.0 Stealth


You had 7 spell levels left.
You didn't know any spells.
Your spell library contained the following spells:

 Spells                   Type           Power      Damage    Failure   Level
 Animate Armour           Summ/Erth      0%         N/A       99%         4
 Summon Lightning Spire   Summ/Air       0%         N/A       99%         4
 Lee's Rapid Deconstruct  Erth           0%         3d4*      100%        5


Dungeon Overview and Level Annotations

Branches:
Dungeon (7/15)
 Temple: D:4-7

Altars:

Shops:
D:1 ?


Innate Abilities, Weirdness & Mutations

You are too large for most types of armour.
You have claws for hands.
Your natural rate of healing is unusually fast.
You are covered in fur. (AC +1)
You have tough skin. (AC +1)
You are partially covered in large bone plates. (SH +4)
Your system is resistant to poisons. (rPois)


Message History

* * * LOW HITPOINT WARNING * * *
The orc hits you with a +0 hand axe.
* * * LOW HITPOINT WARNING * * *
The orc attacks as it pursues you! The orc closely misses you.
You block the orc wizard's attack.
The orc wizard points at you and mumbles some strange words.
You resist with some effort. The orc attacks as it pursues you!
The orc closely misses you.
The orc throws a boomerang.
The boomerang hits you.
* * * LOW HITPOINT WARNING * * *
The orc closely misses you.
The orc throws a boomerang.
You block the boomerang.
The orc throws a boomerang.
You block the boomerang.
The orc throws a boomerang.
The boomerang hits you.
* * * LOW HITPOINT WARNING * * *
The orc throws a boomerang.
The boomerang misses you.
There is a stone staircase leading down here.
The orc hits you but does no damage.
You climb downwards.
You hear the hiss of flowing sand.
There is an entrance to an ossuary on this level.
Hurry and find it before the portal is buried!
The white imp shouts, "Decamp, thou villainous crook-pated bloater!"
Found 5 gold pieces.
There is a stone staircase leading up here.
You closely miss the orc. The orc hits you but does no damage.
The steam dragon breathes steam at you. The ball of steam hits you!
* * * LOW HITPOINT WARNING * * *
The white imp gestures at you. The puff of frost hits you.
* * * LOW HITPOINT WARNING * * *
You hear an angry hiss.
Found a thin jewelled staff.
You are engulfed in a cloud of scalding steam.
* * * LOW HITPOINT WARNING * * *
The orc is engulfed in a cloud of scalding steam.
The orc dies!
The white imp gestures at you. The puff of frost hits you!
You die...

.| ..## ##
....## .#
$..... .#
#....##.#
#.....§§####..
#...§§§§......
#..D.#@§......
#... #.....##.
### #.....#
......#
........
....5.....
.#........
.##........


You could see a white imp.

Vanquished Creatures
  A water moccasin (D:6)
  Duvessa (D:4)
  A black bear (D:4)
  An ice beast (D:5)
  A bullfrog (D:5)
  3 scorpions (D:5)
  A howler monkey (D:6)
  2 hounds
  A bombardier beetle (D:2)
  Crazy Yiuf (D:2)
  A jelly (D:5)
  A gnoll bouda (D:4)
  An iguana (D:5)
  Natasha (thrice) (D:3)
  An orc wizard (D:3)
  Terence (D:3)
  Robin (D:3)
  12 gnolls
  8 adders
  A shadow imp (D:4)
  A white imp (D:5)
  3 dart slugs
  4 ribbon worms
  3 orcs (D:3)
  3 endoplasms
  4 giant cockroaches
  16 goblins
  10 hobgoblins
  6 jackals (D:1)
  3 quokkas
  4 ball pythons
  3 bats
  5 frilled lizards
  8 kobolds
  8 rats
124 creatures vanquished.

Vanquished Creatures (collateral kills)
  Dowan (D:3)
  2 gnolls (D:3)
  An adder (D:3)
  2 ufetubi (D:6)
  A goblin (D:3)
  A rat (D:3)
8 creatures vanquished.

Vanquished Creatures (others)
  2 gnolls (D:4)
  An orc (D:7)
3 creatures vanquished.

Grand Total: 135 creatures vanquished

Notes
Turn   | Place    | Note
-------+----------+-------------------------------------------
     0 | D:1      | dialectric the Troll Hunter began the quest for the Orb.
     0 | D:1      | Reached XP level 1. HP: 19/19 MP: 0/0
    35 | D:1      | Reached XP level 2. HP: 28/28 MP: 1/1
    58 | D:1      | Found Wituplore's Magic Scroll Shop.
   376 | D:1      | Reached skill level 1 in Stealth
   376 | D:1      | Reached XP level 3. HP: 35/35 MP: 2/2
   779 | D:2      | Reached XP level 4. HP: 40/42 MP: 3/3
  1263 | D:2      | Found a runed translucent door.
  1264 | D:2      | Noticed Crazy Yiuf
  1743 | D:3      | Noticed Terence
  1759 | D:3      | Killed Terence
  1760 | D:3      | Reached XP level 5. HP: 43/52 MP: 4/4
  1803 | D:3      | Noticed Natasha
  1814 | D:3      | Killed Natasha
  1834 | D:3      | Noticed Natasha
  1848 | D:3      | Gained mutation: Your system is resistant to poisons.
                  | (rPois) [potion of mutation]
  1848 | D:3      | Gained mutation: You are partially covered in large bone
                  | plates. (SH +4) [potion of mutation]
  1855 | D:3      | Killed Natasha
  1948 | D:3      | Noticed Natasha
  1959 | D:3      | Killed Natasha
  2121 | D:3      | Reached XP level 6. HP: 60/61 MP: 5/5
  2212 | D:3      | Noticed Robin
  2324 | D:3      | Killed Robin
  2651 | D:4      | Noticed Dowan
  2670 | D:4      | Noticed Duvessa
  2678 | D:5      | Entered Level 5 of the Dungeon
  2875 | D:4      | Killed Duvessa
  2876 | D:4      | Reached XP level 7. HP: 67/67 MP: 6/6
  3201 | D:3      | Killed Dowan
  3817 | D:5      | Noticed a two-headed ogre
  4014 | D:2      | Killed Crazy Yiuf
  4015 | D:2      | Reached skill level 5 in Dodging
  4015 | D:2      | Reached XP level 8. HP: 61/78 MP: 7/7
  4420 | D:5      | Reached skill level 5 in Ranged Weapons
  4527 | D:5      | HP: 3/78 [two-headed ogre/+0 giant spiked club (35)]
  4805 | D:7      | Killed from afar by a white imp

Illustrated notes

Levels and vault maps discovered:
D:1:      spicycebolla_green_bress_n_ham, layout_loops_ring, serial_shops, shop,
          dk_noncrumbling_4, feat_on_display
D:2:      layout_loops_corners, kennysheep_generic_room_2,
          uniq_crazy_yiuf_cottage
D:3:      layout_loops_ring, uniq_natasha, uniq_terence, uniq_robin
D:4:      layout_cave_pods, uniq_duvessa
D:5:      layout_cave_pools, jmf_multi_god_temple, lemuel_temple_firewalk_b
D:6:      layout_cave_pools, kennysheep_small_spiral
D:7:      layout_rooms, nicolae_gozag_cash_rules_everything_around_me,
          serial_shops, shop, nzn_ghost_randoct, nicolae_ossuary_entry_monument

Skill      XL: |  1  2  3  4  5  6  7  8 |
---------------+-------------------------+-----
Fighting       | 2 3 4 |  4.2
Stealth        | 1 |  1.0
Dodging        | 2 3 4 5 |  5.4
Ranged Weapons | 3 4 5 |  5.1
Armour         | |  0.8

Action                     |  1- 3 |  4- 6 |  7- 9 || total
---------------------------+-------+-------+-------++-------
  Melee: Morningstar       |    50 |   238 |   185 ||   473
         Punch             |     1 |     7 |    10 ||    18
   Fire: Shortbow          |    28 |    14 |       ||    42
  Throw: Boomerang         |       |     3 |     6 ||     9
  Evoke: Wand              |       |     1 |    10 ||    11
    Use: Potion            |       |     6 |       ||     6
         Scroll            |       |       |     7 ||     7
   Stab: Sleeping          |     2 |     3 |     2 ||     7
 Armour: Robe              |    51 |   282 |   270 ||   603
  Dodge: Dodged            |    49 |   201 |   233 ||   483
  Block: Other             |       |    45 |    61 ||   106

Table legend: (Time is in decaauts)
 A = Elapsed time spent in this place.
 B = Non-inter-level travel time spent in this place.
 C = Inter-level travel time spent in this place.
 D = Time resting spent in this place.
 E = Time spent auto-exploring this place.
 F = Levels seen in this place.
 G = Mean time per level.
                   A        B        C        D        E       F      G
               +--------+--------+--------+--------+--------+-----+--------+
         Total |   5052 |   4621 |    431 |    195 |   2760 |   7 |  721.7 |
       Dungeon |   5052 |   4621 |    431 |    195 |   2760 |   7 |  721.7 |
               +--------+--------+--------+--------+--------+-----+--------+

Top non-repeatable levels by time:
     D:2: 1258 daAuts
     D:4: 1244 daAuts
     D:3: 1064 daAuts
     D:1: 751 daAuts
     D:5: 563 daAuts
     D:6: 167 daAuts
     D:7: 2 daAuts
